Workbook

Sheet Start Here
B2: INVOICE TRACKER
B3: Who owes you, how much, and for how long - updated every time you open it.
B5: HOW TO USE IT
B6: 1. Clients: add each client. Their usual terms are there for reference - type the terms on each invoice.
B7: 2. Invoices: one row per invoice you send. Fill in the dark-blue columns; grey columns fill themselves.
B8: 3. Terms (days): 30 means 'Net 30' - payment due 30 days after the issue date. 0 means due on receipt.
B9: 4. When money arrives, type the total received so far in Amount paid and the date in Date paid.
B10: 5. Rows 2-8 are samples, dated around today so you can see every status. Delete them when you start.
B12: WHAT THE STATUS MEANS
B13: Not due yet - due date more than 7 days away
B14: Due soon - due in the next 7 days (amber)
B15: Part paid - some money received, not overdue yet
... B26: Free template from katalaga.com/tools

Sheet Invoices
A1: Invoice # | B1: Client | C1: Issue date | D1: Terms (days) | E1: Due date | F1: Description | G1: Amount | H1: Tax | I1: Total | J1: Amount paid | K1: Date paid | L1: Balance | M1: Status | N1: Days overdue | O1: Aging | P1: Days to pay | Q1: Notes
A2: INV-001 | B2: Brightside Cafe | C2: =TODAY()-75 -> 46239 | D2: 30 | E2: =IF(C2="","",C2+N(D2)) -> 46269 | F2: Website redesign - deposit (sample) | G2: 1500 | I2: =IF(G2="","",G2+N(H2)) -> 1500 | J2: 1500 | K2: =TODAY()-50 -> 46264 | L2: =IF(I2="","",I2-N(J2)) -> 0 | M2: =IF(I2="","",IF(L2<=0,"Paid",IF(C2="","Draft",IF(E2<TODAY(),"Overdue",IF(N(J2)>0,"Part paid",IF(E2-TODAY()<=7,"Due soon","Not due yet")))))) -> Paid | N2: =IF(OR(L2="",E2=""),"",IF(AND(L2>0,E2<TODAY()),TODAY()-E2,0)) -> 0 | O2: =IF(OR(L2="",N(L2)<=0,E2=""),"",IF(N2=0,"Current",IF(N2<=30,"1-30",IF(N2<=60,"31-60",IF(N2<=90,"61-90","90+"))))) | P2: =IF(OR(K2="",C2="",N(L2)>0),"",K2-C2) -> 25 | Q2: Samples: delete rows 2-8 when you start
A3: INV-002 | B3: Northwind Ltd | C3: =TODAY()-50 -> 46264 | D3: 14 | E3: =IF(C3="","",C3+N(D3)) -> 46278 | F3: Monthly SEO retainer (sample) | G3: 800 | I3: =IF(G3="","",G3+N(H3)) -> 800 | L3: =IF(I3="","",I3-N(J3)) -> 800 | M3: =IF(I3="","",IF(L3<=0,"Paid",IF(C3="","Draft",IF(E3<TODAY(),"Overdue",IF(N(J3)>0,"Part paid",IF(E3-TODAY()<=7,"Due soon","Not due yet")))))) -> Overdue | N3: =IF(OR(L3="",E3=""),"",IF(AND(L3>0,E3<TODAY()),TODAY()-E3,0)) -> 36 | O3: =IF(OR(L3="",N(L3)<=0,E3=""),"",IF(N3=0,"Current",IF(N3<=30,"1-30",IF(N3<=60,"31-60",IF(N3<=90,"61-90","90+"))))) -> 31-60 | P3: =IF(OR(K3="",C3="",N(L3)>0),"",K3-C3)
A4: INV-003 | B4: Brightside Cafe | C4: =TODAY()-40 -> 46274 | D4: 30 | E4: =IF(C4="","",C4+N(D4)) -> 46304 | F4: Website redesign - final (sample) | G4: 1500 | I4: =IF(G4="","",G4+N(H4)) -> 1500 | J4: 700 | K4: =TODAY()-5 -> 46309 | L4: =IF(I4="","",I4-N(J4)) -> 800 | M4: =IF(I4="","",IF(L4<=0,"Paid",IF(C4="","Draft",IF(E4<TODAY(),"Overdue",IF(N(J4)>0,"Part paid",IF(E4-TODAY()<=7,"Due soon","Not due yet")))))) -> Overdue | N4: =IF(OR(L4="",E4=""),"",IF(AND(L4>0,E4<TODAY()),TODAY()-E4,0)) -> 10 | O4: =IF(OR(L4="",N(L4)<=0,E4=""),"",IF(N4=0,"Current",IF(N4<=30,"1-30",IF(N4<=60,"31-60",IF(N4<=90,"61-90","90+"))))) -> 1-30 | P4: =IF(OR(K4="",C4="",N(L4)>0),"",K4-C4)
A5: INV-004 | B5: Kato Logistics | C5: =TODAY()-25 -> 46289 | D5: 30 | E5: =IF(C5="","",C5+N(D5)) -> 46319 | F5: Google Ads setup (sample) | G5: 650 | H5: 52 | I5: =IF(G5="","",G5+N(H5)) -> 702 | L5: =IF(I5="","",I5-N(J5)) -> 702 | M5: =IF(I5="","",IF(L5<=0,"Paid",IF(C5="","Draft",IF(E5<TODAY(),"Overdue",IF(N(J5)>0,"Part paid",IF(E5-TODAY()<=7,"Due soon","Not due yet")))))) -> Due soon | N5: =IF(OR(L5="",E5=""),"",IF(AND(L5>0,E5<TODAY()),TODAY()-E5,0)) -> 0 | O5: =IF(OR(L5="",N(L5)<=0,E5=""),"",IF(N5=0,"Current",IF(N5<=30,"1-30",IF(N5<=60,"31-60",IF(N5<=90,"61-90","90+"))))) -> Current | P5: =IF(OR(K5="",C5="",N(L5)>0),"",K5-C5)
A6: INV-005 | B6: Northwind Ltd | C6: =TODAY()-12 -> 46302 | D6: 14 | E6: =IF(C6="","",C6+N(D6)) -> 46316 | F6: Monthly SEO retainer (sample) | G6: 800 | I6: =IF(G6="","",G6+N(H6)) -> 800 | L6: =IF(I6="","",I6-N(J6)) -> 800 | M6: =IF(I6="","",IF(L6<=0,"Paid",IF(C6="","Draft",IF(E6<TODAY(),"Overdue",IF(N(J6)>0,"Part paid",IF(E6-TODAY()<=7,"Due soon","Not due yet")))))) -> Due soon | N6: =IF(OR(L6="",E6=""),"",IF(AND(L6>0,E6<TODAY()),TODAY()-E6,0)) -> 0 | O6: =IF(OR(L6="",N(L6)<=0,E6=""),"",IF(N6=0,"Current",IF(N6<=30,"1-30",IF(N6<=60,"31-60",IF(N6<=90,"61-90","90+"))))) -> Current | P6: =IF(OR(K6="",C6="",N(L6)>0),"",K6-C6)
A7: INV-006 | B7: Lumen Studio | C7: =TODAY()-3 -> 46311 | D7: 30 | E7: =IF(C7="","",C7+N(D7)) -> 46341 | F7: Shopify product uploads (sample) | G7: 420 | I7: =IF(G7="","",G7+N(H7)) -> 420 | J7: 200 | K7: =TODAY()-1 -> 46313 | L7: =IF(I7="","",I7-N(J7)) -> 220 | M7: =IF(I7="","",IF(L7<=0,"Paid",IF(C7="","Draft",IF(E7<TODAY(),"Overdue",IF(N(J7)>0,"Part paid",IF(E7-TODAY()<=7,"Due soon","Not due yet")))))) -> Part paid | N7: =IF(OR(L7="",E7=""),"",IF(AND(L7>0,E7<TODAY()),TODAY()-E7,0)) -> 0 | O7: =IF(OR(L7="",N(L7)<=0,E7=""),"",IF(N7=0,"Current",IF(N7<=30,"1-30",IF(N7<=60,"31-60",IF(N7<=90,"61-90","90+"))))) -> Current | P7: =IF(OR(K7="",C7="",N(L7)>0),"",K7-C7)
A8: INV-007 | B8: Kato Logistics | C8: =TODAY()-130 -> 46184 | D8: 30 | E8: =IF(C8="","",C8+N(D8)) -> 46214 | F8: Landing page (sample) | G8: 900 | H8: 72 | I8: =IF(G8="","",G8+N(H8)) -> 972 | L8: =IF(I8="","",I8-N(J8)) -> 972 | M8: =IF(I8="","",IF(L8<=0,"Paid",IF(C8="","Draft",IF(E8<TODAY(),"Overdue",IF(N(J8)>0,"Part paid",IF(E8-TODAY()<=7,"Due soon","Not due yet")))))) -> Overdue | N8: =IF(OR(L8="",E8=""),"",IF(AND(L8>0,E8<TODAY()),TODAY()-E8,0)) -> 100 | O8: =IF(OR(L8="",N(L8)<=0,E8=""),"",IF(N8=0,"Current",IF(N8<=30,"1-30",IF(N8<=60,"31-60",IF(N8<=90,"61-90","90+"))))) -> 90+ | P8: =IF(OR(K8="",C8="",N(L8)>0),"",K8-C8)
E9: =IF(C9="","",C9+N(D9)) | I9: =IF(G9="","",G9+N(H9)) | L9: =IF(I9="","",I9-N(J9)) | M9: =IF(I9="","",IF(L9<=0,"Paid",IF(C9="","Draft",IF(E9<TODAY(),"Overdue",IF(N(J9)>0,"Part paid",IF(E9-TODAY()<=7,"Due soon","Not due yet")))))) | N9: =IF(OR(L9="",E9=""),"",IF(AND(L9>0,E9<TODAY()),TODAY()-E9,0)) | O9: =IF(OR(L9="",N(L9)<=0,E9=""),"",IF(N9=0,"Current",IF(N9<=30,"1-30",IF(N9<=60,"31-60",IF(N9<=90,"61-90","90+"))))) | P9: =IF(OR(K9="",C9="",N(L9)>0),"",K9-C9)
E10: =IF(C10="","",C10+N(D10)) | I10: =IF(G10="","",G10+N(H10)) | L10: =IF(I10="","",I10-N(J10)) | M10: =IF(I10="","",IF(L10<=0,"Paid",IF(C10="","Draft",IF(E10<TODAY(),"Overdue",IF(N(J10)>0,"Part paid",IF(E10-TODAY()<=7,"Due soon","Not due yet")))))) | N10: =IF(OR(L10="",E10=""),"",IF(AND(L10>0,E10<TODAY()),TODAY()-E10,0)) | O10: =IF(OR(L10="",N(L10)<=0,E10=""),"",IF(N10=0,"Current",IF(N10<=30,"1-30",IF(N10<=60,"31-60",IF(N10<=90,"61-90","90+"))))) | P10: =IF(OR(K10="",C10="",N(L10)>0),"",K10-C10)
E11: =IF(C11="","",C11+N(D11)) | I11: =IF(G11="","",G11+N(H11)) | L11: =IF(I11="","",I11-N(J11)) | M11: =IF(I11="","",IF(L11<=0,"Paid",IF(C11="","Draft",IF(E11<TODAY(),"Overdue",IF(N(J11)>0,"Part paid",IF(E11-TODAY()<=7,"Due soon","Not due yet")))))) | N11: =IF(OR(L11="",E11=""),"",IF(AND(L11>0,E11<TODAY()),TODAY()-E11,0)) | O11: =IF(OR(L11="",N(L11)<=0,E11=""),"",IF(N11=0,"Current",IF(N11<=30,"1-30",IF(N11<=60,"31-60",IF(N11<=90,"61-90","90+"))))) | P11: =IF(OR(K11="",C11="",N(L11)>0),"",K11-C11)
E12: =IF(C12="","",C12+N(D12)) | I12: =IF(G12="","",G12+N(H12)) | L12: =IF(I12="","",I12-N(J12)) | M12: =IF(I12="","",IF(L12<=0,"Paid",IF(C12="","Draft",IF(E12<TODAY(),"Overdue",IF(N(J12)>0,"Part paid",IF(E12-TODAY()<=7,"Due soon","Not due yet")))))) | N12: =IF(OR(L12="",E12=""),"",IF(AND(L12>0,E12<TODAY()),TODAY()-E12,0)) | O12: =IF(OR(L12="",N(L12)<=0,E12=""),"",IF(N12=0,"Current",IF(N12<=30,"1-30",IF(N12<=60,"31-60",IF(N12<=90,"61-90","90+"))))) | P12: =IF(OR(K12="",C12="",N(L12)>0),"",K12-C12)
E13: =IF(C13="","",C13+N(D13)) | I13: =IF(G13="","",G13+N(H13)) | L13: =IF(I13="","",I13-N(J13)) | M13: =IF(I13="","",IF(L13<=0,"Paid",IF(C13="","Draft",IF(E13<TODAY(),"Overdue",IF(N(J13)>0,"Part paid",IF(E13-TODAY()<=7,"Due soon","Not due yet")))))) | N13: =IF(OR(L13="",E13=""),"",IF(AND(L13>0,E13<TODAY()),TODAY()-E13,0)) | O13: =IF(OR(L13="",N(L13)<=0,E13=""),"",IF(N13=0,"Current",IF(N13<=30,"1-30",IF(N13<=60,"31-60",IF(N13<=90,"61-90","90+"))))) | P13: =IF(OR(K13="",C13="",N(L13)>0),"",K13-C13)
E14: =IF(C14="","",C14+N(D14)) | I14: =IF(G14="","",G14+N(H14)) | L14: =IF(I14="","",I14-N(J14)) | M14: =IF(I14="","",IF(L14<=0,"Paid",IF(C14="","Draft",IF(E14<TODAY(),"Overdue",IF(N(J14)>0,"Part paid",IF(E14-TODAY()<=7,"Due soon","Not due yet")))))) | N14: =IF(OR(L14="",E14=""),"",IF(AND(L14>0,E14<TODAY()),TODAY()-E14,0)) | O14: =IF(OR(L14="",N(L14)<=0,E14=""),"",IF(N14=0,"Current",IF(N14<=30,"1-30",IF(N14<=60,"31-60",IF(N14<=90,"61-90","90+"))))) | P14: =IF(OR(K14="",C14="",N(L14)>0),"",K14-C14)
E15: =IF(C15="","",C15+N(D15)) | I15: =IF(G15="","",G15+N(H15)) | L15: =IF(I15="","",I15-N(J15)) | M15: =IF(I15="","",IF(L15<=0,"Paid",IF(C15="","Draft",IF(E15<TODAY(),"Overdue",IF(N(J15)>0,"Part paid",IF(E15-TODAY()<=7,"Due soon","Not due yet")))))) | N15: =IF(OR(L15="",E15=""),"",IF(AND(L15>0,E15<TODAY()),TODAY()-E15,0)) | O15: =IF(OR(L15="",N(L15)<=0,E15=""),"",IF(N15=0,"Current",IF(N15<=30,"1-30",IF(N15<=60,"31-60",IF(N15<=90,"61-90","90+"))))) | P15: =IF(OR(K15="",C15="",N(L15)>0),"",K15-C15)
E16: =IF(C16="","",C16+N(D16)) | I16: =IF(G16="","",G16+N(H16)) | L16: =IF(I16="","",I16-N(J16)) | M16: =IF(I16="","",IF(L16<=0,"Paid",IF(C16="","Draft",IF(E16<TODAY(),"Overdue",IF(N(J16)>0,"Part paid",IF(E16-TODAY()<=7,"Due soon","Not due yet")))))) | N16: =IF(OR(L16="",E16=""),"",IF(AND(L16>0,E16<TODAY()),TODAY()-E16,0)) | O16: =IF(OR(L16="",N(L16)<=0,E16=""),"",IF(N16=0,"Current",IF(N16<=30,"1-30",IF(N16<=60,"31-60",IF(N16<=90,"61-90","90+"))))) | P16: =IF(OR(K16="",C16="",N(L16)>0),"",K16-C16)
E17: =IF(C17="","",C17+N(D17)) | I17: =IF(G17="","",G17+N(H17)) | L17: =IF(I17="","",I17-N(J17)) | M17: =IF(I17="","",IF(L17<=0,"Paid",IF(C17="","Draft",IF(E17<TODAY(),"Overdue",IF(N(J17)>0,"Part paid",IF(E17-TODAY()<=7,"Due soon","Not due yet")))))) | N17: =IF(OR(L17="",E17=""),"",IF(AND(L17>0,E17<TODAY()),TODAY()-E17,0)) | O17: =IF(OR(L17="",N(L17)<=0,E17=""),"",IF(N17=0,"Current",IF(N17<=30,"1-30",IF(N17<=60,"31-60",IF(N17<=90,"61-90","90+"))))) | P17: =IF(OR(K17="",C17="",N(L17)>0),"",K17-C17)
E18: =IF(C18="","",C18+N(D18)) | I18: =IF(G18="","",G18+N(H18)) | L18: =IF(I18="","",I18-N(J18)) | M18: =IF(I18="","",IF(L18<=0,"Paid",IF(C18="","Draft",IF(E18<TODAY(),"Overdue",IF(N(J18)>0,"Part paid",IF(E18-TODAY()<=7,"Due soon","Not due yet")))))) | N18: =IF(OR(L18="",E18=""),"",IF(AND(L18>0,E18<TODAY()),TODAY()-E18,0)) | O18: =IF(OR(L18="",N(L18)<=0,E18=""),"",IF(N18=0,"Current",IF(N18<=30,"1-30",IF(N18<=60,"31-60",IF(N18<=90,"61-90","90+"))))) | P18: =IF(OR(K18="",C18="",N(L18)>0),"",K18-C18)
E19: =IF(C19="","",C19+N(D19)) | I19: =IF(G19="","",G19+N(H19)) | L19: =IF(I19="","",I19-N(J19)) | M19: =IF(I19="","",IF(L19<=0,"Paid",IF(C19="","Draft",IF(E19<TODAY(),"Overdue",IF(N(J19)>0,"Part paid",IF(E19-TODAY()<=7,"Due soon","Not due yet")))))) | N19: =IF(OR(L19="",E19=""),"",IF(AND(L19>0,E19<TODAY()),TODAY()-E19,0)) | O19: =IF(OR(L19="",N(L19)<=0,E19=""),"",IF(N19=0,"Current",IF(N19<=30,"1-30",IF(N19<=60,"31-60",IF(N19<=90,"61-90","90+"))))) | P19: =IF(OR(K19="",C19="",N(L19)>0),"",K19-C19)
E20: =IF(C20="","",C20+N(D20)) | I20: =IF(G20="","",G20+N(H20)) | L20: =IF(I20="","",I20-N(J20)) | M20: =IF(I20="","",IF(L20<=0,"Paid",IF(C20="","Draft",IF(E20<TODAY(),"Overdue",IF(N(J20)>0,"Part paid",IF(E20-TODAY()<=7,"Due soon","Not due yet")))))) | N20: =IF(OR(L20="",E20=""),"",IF(AND(L20>0,E20<TODAY()),TODAY()-E20,0)) | O20: =IF(OR(L20="",N(L20)<=0,E20=""),"",IF(N20=0,"Current",IF(N20<=30,"1-30",IF(N20<=60,"31-60",IF(N20<=90,"61-90","90+"))))) | P20: =IF(OR(K20="",C20="",N(L20)>0),"",K20-C20)
... E1001: =IF(C1001="","",C1001+N(D1001)) | I1001: =IF(G1001="","",G1001+N(H1001)) | L1001: =IF(I1001="","",I1001-N(J1001)) | M1001: =IF(I1001="","",IF(L1001<=0,"Paid",IF(C1001="","Draft",IF(E1001<TODAY(),"Overdue",IF(N(J1001)>0,"Part paid",IF(E1001-TODAY()<=7,"Due soon","Not due yet")))))) | N1001: =IF(OR(L1001="",E1001=""),"",IF(AND(L1001>0,E1001<TODAY()),TODAY()-E1001,0)) | O1001: =IF(OR(L1001="",N(L1001)<=0,E1001=""),"",IF(N1001=0,"Current",IF(N1001<=30,"1-30",IF(N1001<=60,"31-60",IF(N1001<=90,"61-90","90+"))))) | P1001: =IF(OR(K1001="",C1001="",N(L1001)>0),"",K1001-C1001)

Sheet Dashboard
B1: INVOICE DASHBOARD
B2: ="As of "&TEXT(TODAY(),"d mmm yyyy")&" - updates every time you open the file." -> As of 19 Oct 2026 - updates every time you open the file.
B4: Outstanding (owed to you) | E4: Overdue
B5: =C19 -> 4294 | E5: =SUMIFS(Invoices!$L$2:$L$1001,Invoices!$M$2:$M$1001,"Overdue") -> 2572
B7: Paid on invoices with a payment in the last 30 days | E7: Average days to get paid
B8: =SUMIFS(Invoices!$J$2:$J$1001,Invoices!$K$2:$K$1001,">="&(TODAY()-30)) -> 900 | E8: =IFERROR(AVERAGE(Invoices!$P$2:$P$1001),"-") -> 25
B10: Invoices overdue | E10: Due in the next 7 days
B11: =COUNTIF(Invoices!$M$2:$M$1001,"Overdue") -> 3 | E11: =COUNTIF(Invoices!$M$2:$M$1001,"Due soon") -> 2
B13: Aging (days past due) | C13: Amount | E13: Invoices
B14: Not yet due | C14: =SUMIFS(Invoices!$L$2:$L$1001,Invoices!$O$2:$O$1001,"Current") -> 1722 | E14: =COUNTIF(Invoices!$O$2:$O$1001,"Current") -> 3
B15: 1-30 days overdue | C15: =SUMIFS(Invoices!$L$2:$L$1001,Invoices!$O$2:$O$1001,"1-30") -> 800 | E15: =COUNTIF(Invoices!$O$2:$O$1001,"1-30") -> 1
B16: 31-60 days overdue | C16: =SUMIFS(Invoices!$L$2:$L$1001,Invoices!$O$2:$O$1001,"31-60") -> 800 | E16: =COUNTIF(Invoices!$O$2:$O$1001,"31-60") -> 1
B17: 61-90 days overdue | C17: =SUMIFS(Invoices!$L$2:$L$1001,Invoices!$O$2:$O$1001,"61-90") -> 0 | E17: =COUNTIF(Invoices!$O$2:$O$1001,"61-90") -> 0
B18: 90+ days overdue | C18: =SUMIFS(Invoices!$L$2:$L$1001,Invoices!$O$2:$O$1001,"90+") -> 972 | E18: =COUNTIF(Invoices!$O$2:$O$1001,"90+") -> 1
B19: Total outstanding | C19: =SUM(C14:C18) -> 4294 | E19: =SUM(E14:E18) -> 6
B21: The older an unpaid invoice gets, the less likely it is to be paid - chase anything in the red rows first.

Sheet Clients
A1: Client | B1: Contact email | C1: Phone | D1: Usual terms (days) | E1: Invoiced (all time) | F1: Paid (all time) | G1: Outstanding | H1: Overdue | I1: Avg days to pay
A2: Brightside Cafe | B2: hello@example.com | D2: 30 | E2: =IF(A2="","",SUMIFS(Invoices!$I$2:$I$1001,Invoices!$B$2:$B$1001,A2)) -> 3000 | F2: =IF(A2="","",SUMIFS(Invoices!$J$2:$J$1001,Invoices!$B$2:$B$1001,A2)) -> 2200 | G2: =IF(A2="","",SUMIFS(Invoices!$L$2:$L$1001,Invoices!$B$2:$B$1001,A2)) -> 800 | H2: =IF(A2="","",SUMIFS(Invoices!$L$2:$L$1001,Invoices!$B$2:$B$1001,A2,Invoices!$M$2:$M$1001,"Overdue")) -> 800 | I2: =IF(A2="","",IFERROR(AVERAGEIFS(Invoices!$P$2:$P$1001,Invoices!$B$2:$B$1001,A2),"")) -> 25
A3: Northwind Ltd | B3: accounts@example.com | D3: 14 | E3: =IF(A3="","",SUMIFS(Invoices!$I$2:$I$1001,Invoices!$B$2:$B$1001,A3)) -> 1600 | F3: =IF(A3="","",SUMIFS(Invoices!$J$2:$J$1001,Invoices!$B$2:$B$1001,A3)) -> 0 | G3: =IF(A3="","",SUMIFS(Invoices!$L$2:$L$1001,Invoices!$B$2:$B$1001,A3)) -> 1600 | H3: =IF(A3="","",SUMIFS(Invoices!$L$2:$L$1001,Invoices!$B$2:$B$1001,A3,Invoices!$M$2:$M$1001,"Overdue")) -> 800 | I3: =IF(A3="","",IFERROR(AVERAGEIFS(Invoices!$P$2:$P$1001,Invoices!$B$2:$B$1001,A3),""))
A4: Kato Logistics | B4: finance@example.com | D4: 30 | E4: =IF(A4="","",SUMIFS(Invoices!$I$2:$I$1001,Invoices!$B$2:$B$1001,A4)) -> 1674 | F4: =IF(A4="","",SUMIFS(Invoices!$J$2:$J$1001,Invoices!$B$2:$B$1001,A4)) -> 0 | G4: =IF(A4="","",SUMIFS(Invoices!$L$2:$L$1001,Invoices!$B$2:$B$1001,A4)) -> 1674 | H4: =IF(A4="","",SUMIFS(Invoices!$L$2:$L$1001,Invoices!$B$2:$B$1001,A4,Invoices!$M$2:$M$1001,"Overdue")) -> 972 | I4: =IF(A4="","",IFERROR(AVERAGEIFS(Invoices!$P$2:$P$1001,Invoices!$B$2:$B$1001,A4),""))
A5: Lumen Studio | B5: studio@example.com | D5: 30 | E5: =IF(A5="","",SUMIFS(Invoices!$I$2:$I$1001,Invoices!$B$2:$B$1001,A5)) -> 420 | F5: =IF(A5="","",SUMIFS(Invoices!$J$2:$J$1001,Invoices!$B$2:$B$1001,A5)) -> 200 | G5: =IF(A5="","",SUMIFS(Invoices!$L$2:$L$1001,Invoices!$B$2:$B$1001,A5)) -> 220 | H5: =IF(A5="","",SUMIFS(Invoices!$L$2:$L$1001,Invoices!$B$2:$B$1001,A5,Invoices!$M$2:$M$1001,"Overdue")) -> 0 | I5: =IF(A5="","",IFERROR(AVERAGEIFS(Invoices!$P$2:$P$1001,Invoices!$B$2:$B$1001,A5),""))
E6: =IF(A6="","",SUMIFS(Invoices!$I$2:$I$1001,Invoices!$B$2:$B$1001,A6)) | F6: =IF(A6="","",SUMIFS(Invoices!$J$2:$J$1001,Invoices!$B$2:$B$1001,A6)) | G6: =IF(A6="","",SUMIFS(Invoices!$L$2:$L$1001,Invoices!$B$2:$B$1001,A6)) | H6: =IF(A6="","",SUMIFS(Invoices!$L$2:$L$1001,Invoices!$B$2:$B$1001,A6,Invoices!$M$2:$M$1001,"Overdue")) | I6: =IF(A6="","",IFERROR(AVERAGEIFS(Invoices!$P$2:$P$1001,Invoices!$B$2:$B$1001,A6),""))
E7: =IF(A7="","",SUMIFS(Invoices!$I$2:$I$1001,Invoices!$B$2:$B$1001,A7)) | F7: =IF(A7="","",SUMIFS(Invoices!$J$2:$J$1001,Invoices!$B$2:$B$1001,A7)) | G7: =IF(A7="","",SUMIFS(Invoices!$L$2:$L$1001,Invoices!$B$2:$B$1001,A7)) | H7: =IF(A7="","",SUMIFS(Invoices!$L$2:$L$1001,Invoices!$B$2:$B$1001,A7,Invoices!$M$2:$M$1001,"Overdue")) | I7: =IF(A7="","",IFERROR(AVERAGEIFS(Invoices!$P$2:$P$1001,Invoices!$B$2:$B$1001,A7),""))
E8: =IF(A8="","",SUMIFS(Invoices!$I$2:$I$1001,Invoices!$B$2:$B$1001,A8)) | F8: =IF(A8="","",SUMIFS(Invoices!$J$2:$J$1001,Invoices!$B$2:$B$1001,A8)) | G8: =IF(A8="","",SUMIFS(Invoices!$L$2:$L$1001,Invoices!$B$2:$B$1001,A8)) | H8: =IF(A8="","",SUMIFS(Invoices!$L$2:$L$1001,Invoices!$B$2:$B$1001,A8,Invoices!$M$2:$M$1001,"Overdue")) | I8: =IF(A8="","",IFERROR(AVERAGEIFS(Invoices!$P$2:$P$1001,Invoices!$B$2:$B$1001,A8),""))
E9: =IF(A9="","",SUMIFS(Invoices!$I$2:$I$1001,Invoices!$B$2:$B$1001,A9)) | F9: =IF(A9="","",SUMIFS(Invoices!$J$2:$J$1001,Invoices!$B$2:$B$1001,A9)) | G9: =IF(A9="","",SUMIFS(Invoices!$L$2:$L$1001,Invoices!$B$2:$B$1001,A9)) | H9: =IF(A9="","",SUMIFS(Invoices!$L$2:$L$1001,Invoices!$B$2:$B$1001,A9,Invoices!$M$2:$M$1001,"Overdue")) | I9: =IF(A9="","",IFERROR(AVERAGEIFS(Invoices!$P$2:$P$1001,Invoices!$B$2:$B$1001,A9),""))
E10: =IF(A10="","",SUMIFS(Invoices!$I$2:$I$1001,Invoices!$B$2:$B$1001,A10)) | F10: =IF(A10="","",SUMIFS(Invoices!$J$2:$J$1001,Invoices!$B$2:$B$1001,A10)) | G10: =IF(A10="","",SUMIFS(Invoices!$L$2:$L$1001,Invoices!$B$2:$B$1001,A10)) | H10: =IF(A10="","",SUMIFS(Invoices!$L$2:$L$1001,Invoices!$B$2:$B$1001,A10,Invoices!$M$2:$M$1001,"Overdue")) | I10: =IF(A10="","",IFERROR(AVERAGEIFS(Invoices!$P$2:$P$1001,Invoices!$B$2:$B$1001,A10),""))
E11: =IF(A11="","",SUMIFS(Invoices!$I$2:$I$1001,Invoices!$B$2:$B$1001,A11)) | F11: =IF(A11="","",SUMIFS(Invoices!$J$2:$J$1001,Invoices!$B$2:$B$1001,A11)) | G11: =IF(A11="","",SUMIFS(Invoices!$L$2:$L$1001,Invoices!$B$2:$B$1001,A11)) | H11: =IF(A11="","",SUMIFS(Invoices!$L$2:$L$1001,Invoices!$B$2:$B$1001,A11,Invoices!$M$2:$M$1001,"Overdue")) | I11: =IF(A11="","",IFERROR(AVERAGEIFS(Invoices!$P$2:$P$1001,Invoices!$B$2:$B$1001,A11),""))
E12: =IF(A12="","",SUMIFS(Invoices!$I$2:$I$1001,Invoices!$B$2:$B$1001,A12)) | F12: =IF(A12="","",SUMIFS(Invoices!$J$2:$J$1001,Invoices!$B$2:$B$1001,A12)) | G12: =IF(A12="","",SUMIFS(Invoices!$L$2:$L$1001,Invoices!$B$2:$B$1001,A12)) | H12: =IF(A12="","",SUMIFS(Invoices!$L$2:$L$1001,Invoices!$B$2:$B$1001,A12,Invoices!$M$2:$M$1001,"Overdue")) | I12: =IF(A12="","",IFERROR(AVERAGEIFS(Invoices!$P$2:$P$1001,Invoices!$B$2:$B$1001,A12),""))
E13: =IF(A13="","",SUMIFS(Invoices!$I$2:$I$1001,Invoices!$B$2:$B$1001,A13)) | F13: =IF(A13="","",SUMIFS(Invoices!$J$2:$J$1001,Invoices!$B$2:$B$1001,A13)) | G13: =IF(A13="","",SUMIFS(Invoices!$L$2:$L$1001,Invoices!$B$2:$B$1001,A13)) | H13: =IF(A13="","",SUMIFS(Invoices!$L$2:$L$1001,Invoices!$B$2:$B$1001,A13,Invoices!$M$2:$M$1001,"Overdue")) | I13: =IF(A13="","",IFERROR(AVERAGEIFS(Invoices!$P$2:$P$1001,Invoices!$B$2:$B$1001,A13),""))
E14: =IF(A14="","",SUMIFS(Invoices!$I$2:$I$1001,Invoices!$B$2:$B$1001,A14)) | F14: =IF(A14="","",SUMIFS(Invoices!$J$2:$J$1001,Invoices!$B$2:$B$1001,A14)) | G14: =IF(A14="","",SUMIFS(Invoices!$L$2:$L$1001,Invoices!$B$2:$B$1001,A14)) | H14: =IF(A14="","",SUMIFS(Invoices!$L$2:$L$1001,Invoices!$B$2:$B$1001,A14,Invoices!$M$2:$M$1001,"Overdue")) | I14: =IF(A14="","",IFERROR(AVERAGEIFS(Invoices!$P$2:$P$1001,Invoices!$B$2:$B$1001,A14),""))
E15: =IF(A15="","",SUMIFS(Invoices!$I$2:$I$1001,Invoices!$B$2:$B$1001,A15)) | F15: =IF(A15="","",SUMIFS(Invoices!$J$2:$J$1001,Invoices!$B$2:$B$1001,A15)) | G15: =IF(A15="","",SUMIFS(Invoices!$L$2:$L$1001,Invoices!$B$2:$B$1001,A15)) | H15: =IF(A15="","",SUMIFS(Invoices!$L$2:$L$1001,Invoices!$B$2:$B$1001,A15,Invoices!$M$2:$M$1001,"Overdue")) | I15: =IF(A15="","",IFERROR(AVERAGEIFS(Invoices!$P$2:$P$1001,Invoices!$B$2:$B$1001,A15),""))
E16: =IF(A16="","",SUMIFS(Invoices!$I$2:$I$1001,Invoices!$B$2:$B$1001,A16)) | F16: =IF(A16="","",SUMIFS(Invoices!$J$2:$J$1001,Invoices!$B$2:$B$1001,A16)) | G16: =IF(A16="","",SUMIFS(Invoices!$L$2:$L$1001,Invoices!$B$2:$B$1001,A16)) | H16: =IF(A16="","",SUMIFS(Invoices!$L$2:$L$1001,Invoices!$B$2:$B$1001,A16,Invoices!$M$2:$M$1001,"Overdue")) | I16: =IF(A16="","",IFERROR(AVERAGEIFS(Invoices!$P$2:$P$1001,Invoices!$B$2:$B$1001,A16),""))
E17: =IF(A17="","",SUMIFS(Invoices!$I$2:$I$1001,Invoices!$B$2:$B$1001,A17)) | F17: =IF(A17="","",SUMIFS(Invoices!$J$2:$J$1001,Invoices!$B$2:$B$1001,A17)) | G17: =IF(A17="","",SUMIFS(Invoices!$L$2:$L$1001,Invoices!$B$2:$B$1001,A17)) | H17: =IF(A17="","",SUMIFS(Invoices!$L$2:$L$1001,Invoices!$B$2:$B$1001,A17,Invoices!$M$2:$M$1001,"Overdue")) | I17: =IF(A17="","",IFERROR(AVERAGEIFS(Invoices!$P$2:$P$1001,Invoices!$B$2:$B$1001,A17),""))
... E201: =IF(A201="","",SUMIFS(Invoices!$I$2:$I$1001,Invoices!$B$2:$B$1001,A201)) | F201: =IF(A201="","",SUMIFS(Invoices!$J$2:$J$1001,Invoices!$B$2:$B$1001,A201)) | G201: =IF(A201="","",SUMIFS(Invoices!$L$2:$L$1001,Invoices!$B$2:$B$1001,A201)) | H201: =IF(A201="","",SUMIFS(Invoices!$L$2:$L$1001,Invoices!$B$2:$B$1001,A201,Invoices!$M$2:$M$1001,"Overdue")) | I201: =IF(A201="","",IFERROR(AVERAGEIFS(Invoices!$P$2:$P$1001,Invoices!$B$2:$B$1001,A201),""))
